 Dungeon Crawl Stone Soup version 0.28-a0-823-gb444dcf96d (webtiles) character file.

Game seed: 11181089502042805585

49 Decritt the Sneak (level 3, 0/17 HPs)
             Began as a Spriggan Enchanter on Nov 10, 2021.
             Succumbed to an adder's poison
             ... on level 1 of the Dungeon.
             The game lasted 00:04:38 (1873 turns).

Decritt the Sneak (Spriggan Enchanter)              Turns: 1873, Time: 00:04:39

Health: 0/17       AC:  2    Str:  4    XL:     3   Next: 51%
Magic:  8/8        EV: 17    Int: 16    God:
Gold:   31         SH:  0    Dex: 16    Spells: 7/7 levels left

rFire   . . .      SeeInvis +   a - +1 dagger
rCold   + . .      Faith    .   (shield restricted)
rNeg    . . .      Spirit   .   b - +0 robe
rPois   .          Reflect  .   (helmet restricted)
rElec   .          Harm     .   (no cloak)
rCorr   .          Rampage  .   (gloves unavailable)
Will    .....                   (boots unavailable)
Stlth   +++.......              (no amulet)
HPRegen 0.05/turn               d - ring of protection from cold
MPRegen 0.11/turn               (no ring)

@: lethally poisoned (0 -> -3), very quick
A: very small, no large weapons, unfitting armour, see invisible, speed 3
a: no special abilities


You were on level 1 of the Dungeon.
You visited 1 branch of the dungeon, and saw 2 of its levels.

You collected 31 gold pieces.

Inventory:

Hand Weapons
 a - a +1 dagger (weapon)
Missiles
 f - 5 boomerangs (quivered)
Armour
 b - a +0 robe (worn)
Jewellery
 d - a ring of protection from cold (left hand)
Scrolls
 g - a scroll of enchant weapon {unknown}
Potions
 c - a potion of invisibility
 e - 2 potions of curing {unknown}


   Skills:
 + Level 0.8 Fighting
 + Level 1.7 Short Blades
 - Level 2.6 Dodging
 * Level 5.4 Stealth
 - Level 2.6 Spellcasting
 * Level 4.4 Hexes


You had 7 spell levels left.
You didn't know any spells.
Your spell library contained the following spells:

 Spells                   Type           Power      Damage    Failure   Level
 Confusing Touch          Hex            16%        N/A       10%         3
 Tukima's Dance           Hex            16%        N/A       10%         3
 Ensorcelled Hibernation  Hex/Ice        18%        N/A       12%         2
 Dazzling Flash           Conj/Hex       18%        N/A       24%         3


Dungeon Overview and Level Annotations

Branches:
Dungeon (2/15)

Altars:


Innate Abilities, Weirdness & Mutations

You are very small and have problems with some larger weapons.
You are too small for most types of armour.
You have supernaturally acute eyesight. (SInv)
You cover ground extremely quickly. (Speed+++)


Message History

Press: ? - help, Q - select action Shift-Dir - straight line, p - adder
Okay, then.
Throw: 5 boomerangs
Press: ? - help, Q - select action Shift-Dir - straight line, f/p - adder
Aim: an adder (heavily wounded, 40% to hit)
You throw a boomerang. The boomerang closely misses the adder.
Throw: 5 boomerangs
Press: ? - help, Q - select action Shift-Dir - straight line, f/p - adder
Aim: an adder (heavily wounded, 40% to hit)
You throw a boomerang. The boomerang hits the adder.
The adder is severely wounded.
Throw: 5 boomerangs
Press: ? - help, Q - select action Shift-Dir - straight line, f/p - adder
Aim: an adder (severely wounded, 40% to hit)
You throw a boomerang. The boomerang hits the adder.
The adder is almost dead.
The adder closely misses you.
You barely miss the adder.
The adder is almost dead.
The adder bites you.
* * * LOW HITPOINT WARNING * * *
You hit the adder but do no damage.
The adder is almost dead.
The adder closely misses you.
You barely miss the adder.
The adder is almost dead.
The adder bites you.
* * * LOW HITPOINT WARNING * * *
You are lethally poisoned!
The adder poisons you!
* * * LOW HITPOINT WARNING * * *
You feel sick.
There is a stone staircase leading up here.
* * * LOW HITPOINT WARNING * * *
You feel sick. The adder misses you.
You climb upwards.
* * * LOW HITPOINT WARNING * * *
You feel sick.
There is a stone staircase leading down here.
You die...

....# ....####### ### ### ###
###
........#8###8###.###8###8###
......................†.....#
............................#
..............############..#
..............#.............#
###...........#.###.#########
..######.####...@.#.#
.................>#.#
##'###.######.#.S...#
#...##.##.....#.#.###
#.<.+..##.....#.#.############
#...#..##.##.##.#............#
##+##..##.#[....##...#######.#
##..[..##.#..####8...8# #.#
####...####..# ##...## #.#


You could see an adder.

Vanquished Creatures
  Jessica (D:2)
  A dart slug (D:1)
  3 bats (D:1)
  An endoplasm (D:1)
  2 giant cockroaches (D:1)
  A goblin (D:2)
  4 hobgoblins
  2 quokkas (D:1)
  3 ball pythons
  A frilled lizard (D:1)
19 creatures vanquished.

Vanquished Creatures (others)
  2 fungi (D:2)
2 creatures vanquished.

Grand Total: 21 creatures vanquished

Notes
Turn   | Place    | Note
-------+----------+-------------------------------------------
     0 | D:1      | Decritt the Spriggan Enchanter began the quest for the Orb.
     0 | D:1      | Reached XP level 1. HP: 9/9 MP: 5/5
   434 | D:1      | Reached XP level 2. HP: 8/13 MP: 6/6
  1490 | D:2      | Noticed Jessica
  1513 | D:2      | Reached skill level 5 in Stealth
  1519 | D:2      | Killed Jessica
  1520 | D:2      | Reached XP level 3. HP: 4/17 MP: 8/8
  1873 | D:1      | Succumbed to an adder's poison

Illustrated notes

Levels and vault maps discovered:
D:1:      dpeg_arrival_tiny_g, layout_basic, serial_corexii_hall,
          corexii_hall_statues_u, chequers_hall_statues_wall_a,
          corexii_hall_statues_x, chequers_hall_statues_y
D:2:      layout_loops_ring, ebering_ecumenical_altar_webs, serial_shops,
          nicolae_square_shop, minmay_small_reverse_x, uniq_jessica,
          uniq_crazy_yiuf_cottage

Skill      XL: |  1  2 |
---------------+-------+-----
Hexes          | 4 |  4.4
Stealth        | 5 |  5.4
Fighting       | |  0.8
Short Blades   | |  1.7
Dodging        | |  2.6
Spellcasting   | |  2.6

Action                   || total
-------------------------++-------
Melee: Dagger            ||   102
Throw: Boomerang         ||     9
 Stab: Sleeping          ||     6
Armor: Robe              ||     6
Dodge: Dodged            ||    85

Table legend: (Time is in decaauts)
 A = Elapsed time spent in this place.
 B = Non-inter-level travel time spent in this place.
 C = Inter-level travel time spent in this place.
 D = Time resting spent in this place.
 E = Time spent auto-exploring this place.
 F = Levels seen in this place.
 G = Mean time per level.
                   A        B        C        D        E       F      G
               +--------+--------+--------+--------+--------+-----+--------+
         Total |   1459 |   1443 |     16 |    247 |    892 |   2 |  729.5 |
       Dungeon |   1459 |   1443 |     16 |    247 |    892 |   2 |  729.5 |
               +--------+--------+--------+--------+--------+-----+--------+

Top non-repeatable levels by time:
     D:1: 1051 daAuts
     D:2: 407 daAuts
